[Event "Hungarian Rapid-ch 2022"]
[Site "Ajka"]
[Date "2022.07.17"]
[Round "13.12"]
[White "Kiss, Pal"]
[Black "Hera, Imre Jr."]
[Result "0-1"]
[ECO "E15"]
[WhiteElo "2243"]
[BlackElo "2568"]
[Annotator "ChessBase"]
[PlyCount "46"]
[EventDate "2022.07.15"]
[EventType "swiss"]
[EventCountry "HUN"]
[SourceTitle "playchess.com"]
[Source "ChessBase"]
[SourceQuality "1"]
[TimeControl "900+10"]

1. d4 Nf6 2. c4 e6 3. Nf3 b6 4. g3 Bb7 5. Bg2 c5 6. d5 exd5 7. Nh4 g6 8. Nc3 Bg7 9. O-O O-O 10. Bg5 h6 11. Bxf6 Qxf6 12. Nxd5 Bxd5 13. Qxd5 Nc6 14. Qxd7 Rac8 15. Rad1 Nd4 16. Qxa7 g5 17. Nf3 Nxe2+ 18. Kh1 Ra8 19. Qb7 Rxa2 20. Rd2 Rxb2 21. Rxb2 Qxb2 22. Ng1 Nc3 23. Re1 Qxf2 0-1

[Event "Hungarian Rapid-ch 2022"]
[Site "Ajka"]
[Date "2022.07.17"]
[Round "13.13"]
[White "Udvardi, Zalan"]
[Black "Vertetics, Attila"]
[Result "1-0"]
[ECO "B12"]
[WhiteElo "2310"]
[BlackElo "2465"]
[Annotator "ChessBase"]
[PlyCount "45"]
[EventDate "2022.07.15"]
[EventType "swiss"]
[EventCountry "HUN"]
[SourceTitle "playchess.com"]
[Source "ChessBase"]
[SourceQuality "1"]
[TimeControl "900+10"]

1. e4 c6 2. d4 d5 3. e5 Bf5 4. Nc3 e6 5. g4 Bg6 6. Nge2 f6 7. h4 fxe5 8. h5 Bf7 9. dxe5 c5 10. f4 Nc6 11. Bg2 Qb6 12. Ng3 O-O-O 13. O-O Nge7 14. a4 g6 15. Nb5 Nd4 16. Nd6+ Rxd6 17. exd6 Qxd6 18. b4 Bg7 19. h6 Bxh6 20. bxc5 Qxc5 21. Ba3 Qc3 22. Bxe7 Bg7 23. Qd3 1-0

[Event "Hungarian Rapid-ch 2022"]
[Site "Ajka"]
[Date "2022.07.17"]
[Round "13.14"]
[White "Czebe, Attila"]
[Black "Szamoskozi, Gabor"]
[Result "1-0"]
[ECO "B10"]
[WhiteElo "2385"]
[BlackElo "2243"]
[Annotator "ChessBase"]
[PlyCount "97"]
[EventDate "2022.07.15"]
[EventType "swiss"]
[EventCountry "HUN"]
[SourceTitle "playchess.com"]
[Source "ChessBase"]
[SourceQuality "1"]
[TimeControl "900+10"]

1. e4 c6 2. Nc3 d5 3. Nf3 dxe4 4. Nxe4 Nf6 5. Qe2 Nxe4 6. Qxe4 Nd7 7. Bc4 Nf6 8. Ne5 e6 9. Qe2 b5 10. Bb3 Qc7 11. O-O Bd6 12. d4 O-O 13. c3 a6 14. Re1 Bb7 15. Bf4 c5 16. dxc5 Qxc5 17. Bg3 Rad8 18. Bc2 Bd5 19. a3 a5 20. Bh4 Be7 21. a4 b4 22. c4 Bb7 23. Rad1 Rd4 24. Bxf6 Bxf6 25. Nd7 Rxd7 26. Rxd7 Qc6 27. Rxb7 Qxb7 28. Qh5 g6 29. Qxa5 Bxb2 30. Qb5 Qe7 31. c5 Bd4 32. c6 Qa7 33. Re2 Rb8 34. Qc4 Qc5 35. Qxc5 Bxc5 36. g3 Kf8 37. a5 Ke7 38. Ba4 Ra8 39. Rc2 Kd6 40. Rd2+ Kc7 41. Rd7+ Kc8 42. Rxf7 Rxa5 43. Bb3 Ra1+ 44. Kg2 Re1 45. Bc4 Bd6 46. Rxh7 e5 47. Be6+ Kb8 48. Rb7+ Ka8 49. c7 1-0

[Event "Hungarian Rapid-ch 2022"]
[Site "Ajka"]
[Date "2022.07.17"]
[Round "13.15"]
[White "Meszaros, Tamas"]
[Black "Nemeth, Zalan"]
[Result "1/2-1/2"]
[ECO "B30"]
[WhiteElo "2368"]
[BlackElo "2194"]
[Annotator "ChessBase"]
[PlyCount "123"]
[EventDate "2022.07.15"]
[EventType "swiss"]
[EventCountry "HUN"]
[SourceTitle "playchess.com"]
[Source "ChessBase"]
[SourceQuality "1"]
[TimeControl "900+10"]

1. e4 c5 2. Nf3 Nc6 3. Bb5 e5 4. O-O Bd6 5. c3 a6 6. Ba4 b5 7. Bc2 Nge7 8. d4 cxd4 9. cxd4 Nxd4 10. Nxd4 exd4 11. Qxd4 Qc7 12. Qxg7 Bxh2+ 13. Kh1 Be5 14. Qg5 Rg8 15. Qd2 Bb7 16. Nc3 Rc8 17. Bb3 Rg4 18. Re1 Rh4+ 19. Kg1 Bxc3 20. bxc3 Qh2+ 21. Kf1 Qh1+ 22. Ke2 Rxe4+ 23. Kd1 Rxe1+ 24. Qxe1 Qxe1+ 25. Kxe1 Bxg2 26. Bg5 Rxc3 27. Kd2 Rc7 28. Rg1 Bb7 29. Bf4 d6 30. Rg7 Bd5 31. Rxh7 Bxb3 32. axb3 Ng6 33. Bg3 Rc6 34. Rh1 d5 35. Kd3 Kd7 36. Kd4 Ne7 37. Rh7 Rf6 38. Bh4 Rf5 39. Kc5 Nc6 40. Bg3 d4+ 41. Kb6 d3 42. Rh1 a5 43. Rc1 d2 44. Rd1 Rd5 45. Bf4 a4 46. bxa4 bxa4 47. Rxd2 Rxd2 48. Bxd2 Nd4 49. Bc3 Nc2 50. Kb5 a3 51. Ka4 a2 52. Kb3 a1=Q 53. Bxa1 Nxa1+ 54. Kb2 Ke6 55. Kxa1 Kd5 56. Kb2 Ke4 57. Kc3 Kf3 58. Kd4 f6 59. Kd5 Kf4 60. Ke6 f5 61. f3 Kxf3 62. Kxf5 1/2-1/2

[Event "Hungarian Rapid-ch 2022"]
[Site "Ajka"]
[Date "2022.07.17"]
[Round "13.16"]
[White "Papp, Levente"]
[Black "Gaal, Zsoka"]
[Result "1-0"]
[ECO "A04"]
[WhiteElo "2394"]
[BlackElo "2313"]
[Annotator "ChessBase"]
[PlyCount "71"]
[EventDate "2022.07.15"]
[EventType "swiss"]
[EventCountry "HUN"]
[SourceTitle "playchess.com"]
[Source "ChessBase"]
[SourceQuality "1"]
[TimeControl "900+10"]

1. Nf3 c5 2. g3 Nc6 3. Bg2 g6 4. O-O Bg7 5. c3 Nf6 6. d4 cxd4 7. cxd4 O-O 8. d5 Nb4 9. Nc3 d6 10. e4 Na6 11. Be3 Bd7 12. Rc1 Qa5 13. Bd4 b5 14. e5 dxe5 15. Nxe5 Rad8 16. Qb3 b4 17. Ne4 Nxe4 18. Bxe4 Bb5 19. Rfe1 e6 20. dxe6 Rxd4 21. e7 Bxe5 22. exf8=Q+ Kxf8 23. Bxg6 hxg6 24. Rxe5 Qb6 25. Qe3 Bc6 26. h4 Kg7 27. Re7 Bd5 28. h5 Qf6 29. hxg6 Kxg6 30. Re5 Qc6 31. Qg5+ Kh7 32. Qh5+ Qh6 33. Rxd5 Rxd5 34. Qxf7+ Qg7 35. Qxd5 Qxb2 36. Qb7+ 1-0

[Event "Hungarian Rapid-ch 2022"]
[Site "Ajka"]
[Date "2022.07.17"]
[Round "13.17"]
[White "Gyenes, Mate"]
[Black "Lakos, Nikoletta"]
[Result "0-1"]
[ECO "B07"]
[WhiteElo "2048"]
[BlackElo "2203"]
[Annotator "ChessBase"]
[PlyCount "46"]
[EventDate "2022.07.15"]
[EventType "swiss"]
[EventCountry "HUN"]
[SourceTitle "playchess.com"]
[Source "ChessBase"]
[SourceQuality "1"]
[TimeControl "900+10"]

1. e4 d6 2. d4 Nf6 3. Nc3 e5 4. dxe5 dxe5 5. Qxd8+ Kxd8 6. Bc4 Ke8 7. Nf3 Bd6 8. Bg5 c6 9. O-O-O Bc7 10. h3 Nbd7 11. a3 b5 12. Ba2 a5 13. b4 axb4 14. axb4 h6 15. Be3 Ke7 16. Rd3 Bd6 17. Bxf7 Bxb4 18. Na2 Kxf7 19. Kb2 Be7 20. Rhd1 c5 21. Nc3 c4 22. R3d2 b4 23. Nb5 c3+ 0-1

[Event "Hungarian Rapid-ch 2022"]
[Site "Ajka"]
[Date "2022.07.17"]
[Round "13.18"]
[White "Egresi, Mate"]
[Black "Tubak, Daniel"]
[Result "1-0"]
[ECO "D37"]
[WhiteElo "2376"]
[BlackElo "2182"]
[Annotator "ChessBase"]
[PlyCount "99"]
[EventDate "2022.07.15"]
[EventType "swiss"]
[EventCountry "HUN"]
[SourceTitle "playchess.com"]
[Source "ChessBase"]
[SourceQuality "1"]
[TimeControl "900+10"]

1. d4 Nf6 2. c4 e6 3. Nf3 d5 4. Nc3 dxc4 5. e4 Bb4 6. Bg5 h6 7. Bxf6 Qxf6 8. Bxc4 c5 9. e5 Qd8 10. O-O cxd4 11. Ne4 O-O 12. Qe2 Nc6 13. Rad1 a6 14. Bd3 Be7 15. Rfe1 g6 16. Ng3 Kg7 17. Qe4 Rh8 18. h4 h5 19. Qf4 Nb4 20. Be4 Nd5 21. Bxd5 Qxd5 22. Rxd4 Qb5 23. Ng5 Rf8 24. N3e4 b6 25. Nf6 Ra7 26. Nfh7 Bxg5 27. Nxg5 Qe8 28. Qf6+ Kg8 29. Rd6 Qe7 30. Rxb6 Qxf6 31. exf6 Bb7 32. Rc1 Bd5 33. a4 a5 34. Rc5 Rd8 35. Rbb5 Rda8 36. f3 Kf8 37. Kf2 Ke8 38. Ke3 Kd8 39. Kf4 Ke8 40. Ne4 Bxe4 41. fxe4 Kd7 42. Kg5 Ra6 43. Rb7+ Kd6 44. Rcb5 R8a7 45. e5+ Kc6 46. Rxa7 Rxa7 47. Kh6 Rd7 48. Rxa5 Rd5 49. Rxd5 exd5 50. e6 1-0

[Event "Hungarian Rapid-ch 2022"]
[Site "Ajka"]
[Date "2022.07.17"]
[Round "13.19"]
[White "Martini, Balazs"]
[Black "Mozes, Ervin"]
[Result "0-1"]
[ECO "A46"]
[WhiteElo "2348"]
[BlackElo "2039"]
[Annotator "ChessBase"]
[PlyCount "70"]
[EventDate "2022.07.15"]
[EventType "swiss"]
[EventCountry "HUN"]
[SourceTitle "playchess.com"]
[Source "ChessBase"]
[SourceQuality "1"]
[TimeControl "900+10"]

1. d4 Nf6 2. Nf3 d6 3. Bf4 c6 4. e3 Qb6 5. b3 Bf5 6. Be2 Qa5+ 7. Nfd2 e5 8. Bg3 Ne4 9. O-O Nxg3 10. hxg3 Be7 11. Nc4 Qc7 12. Bg4 Bxg4 13. Qxg4 O-O 14. dxe5 d5 15. Nd6 Bxd6 16. exd6 Qxd6 17. Nd2 Nd7 18. Nf3 Ne5 19. Qd4 Nxf3+ 20. gxf3 Qe7 21. Kg2 Rfd8 22. Rh1 c5 23. Qd3 h6 24. Rh4 Rd6 25. Rah1 Rad8 26. c3 b6 27. Rd1 Qe5 28. Rf4 R8d7 29. Rf5 Qe6 30. g4 g6 31. Rf4 Kg7 32. b4 Qe5 33. bxc5 bxc5 34. Rb1 d4 35. exd4 Qxf4 0-1

[Event "Hungarian Rapid-ch 2022"]
[Site "Ajka"]
[Date "2022.07.17"]
[Round "13.20"]
[White "Straubinger, Daniel"]
[Black "Gombocz, Ferenc Jr."]
[Result "0-1"]
[ECO "C60"]
[WhiteElo "2349"]
[BlackElo "2229"]
[Annotator "ChessBase"]
[PlyCount "142"]
[EventDate "2022.07.15"]
[EventType "swiss"]
[EventCountry "HUN"]
[SourceTitle "playchess.com"]
[Source "ChessBase"]
[SourceQuality "1"]
[TimeControl "900+10"]

1. e4 e5 2. Nf3 Nc6 3. Bb5 g6 4. O-O Bg7 5. c3 a6 6. Ba4 d6 7. h3 Bd7 8. d4 Nf6 9. Re1 O-O 10. Nbd2 Re8 11. Bb3 h6 12. a4 Nh7 13. Nf1 Na5 14. Ba2 b6 15. Ne3 Be6 16. Bxe6 Rxe6 17. b4 Nb7 18. Qd3 Re8 19. Bb2 Ng5 20. Nxg5 Qxg5 21. Nd5 Qd8 22. Qc4 exd4 23. cxd4 c5 24. Rad1 a5 25. b5 cxd4 26. Bxd4 Rc8 27. Qd3 Nc5 28. Bxc5 dxc5 29. Qc4 Bd4 30. Re2 Qd6 31. Kh1 Kg7 32. Rde1 Rcd8 33. Rd1 f5 34. Nc3 Qe6 35. Qxe6 Rxe6 36. Rdd2 Rde8 37. Nd5 Rxe4 38. Rxe4 Rxe4 39. Nxb6 Be5 40. g3 c4 41. f4 c3 42. Rc2 Bd4 43. Nc4 Re1+ 44. Kg2 Ra1 45. Nxa5 Rb1 46. Nc4 Rb4 47. Na3 Rxa4 48. Nb1 Rb4 49. Na3 Rb3 50. Nc4 Rxb5 51. Kf3 Rb4 52. Na3 Rb2 53. Ke2 Bc5 54. Rxb2 cxb2 55. Nb1 h5 56. Kf3 Kf6 57. g4 Ke6 58. gxh5 gxh5 59. Ke2 Kd5 60. Kd3 Bb4 61. Kc2 Ke4 62. Kxb2 Kxf4 63. Kb3 Be1 64. Na3 Kg3 65. Kc2 Kxh3 66. Kd1 Bf2 67. Ke2 Kg2 68. Nc4 h4 69. Ne5 h3 70. Nf3 f4 71. Nd2 h2 0-1

[Event "Hungarian Rapid-ch 2022"]
[Site "Ajka"]
[Date "2022.07.17"]
[Round "13.21"]
[White "Leviczky, Tibor"]
[Black "Mihok-Juhasz, Barbara"]
[Result "0-1"]
[ECO "E80"]
[WhiteElo "2281"]
[BlackElo "2221"]
[Annotator "ChessBase"]
[PlyCount "58"]
[EventDate "2022.07.15"]
[EventType "swiss"]
[EventCountry "HUN"]
[SourceTitle "playchess.com"]
[Source "ChessBase"]
[SourceQuality "1"]
[TimeControl "900+10"]

1. d4 Nf6 2. c4 g6 3. Nc3 Bg7 4. e4 d6 5. f3 a6 6. Be3 O-O 7. Nge2 b5 8. cxb5 axb5 9. Nxb5 c6 10. Nbc3 Ba6 11. Ng3 Bxf1 12. Nxf1 Nbd7 13. Nd2 c5 14. dxc5 Nxc5 15. O-O Nfd7 16. Nc4 Bxc3 17. bxc3 Qc7 18. Nd2 Ra3 19. Qc2 Rfa8 20. Bg5 Qa7 21. Kh1 f6 22. Bh4 Rxa2 23. Rxa2 Qxa2 24. Qd1 Rb8 25. Qe2 Kg7 26. Qe3 Rb2 27. Rf2 Rb1+ 28. Nf1 Qa1 29. Kg1 Ne5 0-1

[Event "Hungarian Rapid-ch 2022"]
[Site "Ajka"]
[Date "2022.07.17"]
[Round "13.22"]
[White "Seres, Bela"]
[Black "Bodi, Tibor"]
[Result "0-1"]
[ECO "B02"]
[WhiteElo "2207"]
[BlackElo "2301"]
[Annotator "ChessBase"]
[PlyCount "84"]
[EventDate "2022.07.15"]
[EventType "swiss"]
[EventCountry "HUN"]
[SourceTitle "playchess.com"]
[Source "ChessBase"]
[SourceQuality "1"]
[TimeControl "900+10"]

1. e4 Nf6 2. Nc3 d5 3. e5 Ne4 4. Nxe4 dxe4 5. d4 exd3 6. Bxd3 Nc6 7. f4 Nb4 8. a3 Nxd3+ 9. Qxd3 Qxd3 10. cxd3 Bf5 11. d4 O-O-O 12. Be3 e6 13. Ne2 b6 14. Ng3 Bd3 15. Rd1 Bc4 16. Kf2 Kb7 17. Rc1 Bd5 18. Rc3 Be7 19. Rhc1 c6 20. b4 Ra8 21. Bd2 a5 22. b5 Rac8 23. bxc6+ Rxc6 24. Nf1 Rhc8 25. Rxc6 Rxc6 26. Rxc6 Kxc6 27. Bc1 Kb5 28. Ne3 Bb3 29. g4 Ka4 30. f5 g6 31. fxg6 fxg6 32. Kf3 Bxa3 33. Bxa3 Kxa3 34. Ke4 Kb4 35. d5 exd5+ 36. Nxd5+ Kc5 37. Nf6 a4 38. Kd3 h6 39. h4 a3 40. Kc3 a2 41. Kb2 Be6 42. h5 g5 0-1

[Event "Hungarian Rapid-ch 2022"]
[Site "Ajka"]
[Date "2022.07.17"]
[Round "13.23"]
[White "Kovacs, Klara"]
[Black "Tancsa, Tamas"]
[Result "0-1"]
[ECO "A49"]
[WhiteElo "2098"]
[BlackElo "2103"]
[Annotator "TA"]
[PlyCount "70"]
[EventDate "2022.07.15"]
[EventType "swiss"]
[EventCountry "HUN"]
[SourceTitle "playchess.com"]
[Source "ChessBase"]
[SourceQuality "1"]
[TimeControl "900+10"]

1. d4 Nf6 2. Nf3 g6 3. g3 Bg7 4. Bg2 O-O 5. O-O d6 6. Nc3 Nbd7 7. e4 e5 8. Bg5 {[%emt 0:00:24] B07: Pirc Defence: Miscellaneous Systems.} h6 9. Bxf6 (9. Be3 $14) 9... Bxf6 10. Qd2 {[%emt 0:00:20] The position is equal.} Bg7 11. dxe5 dxe5 12. Rad1 c6 {[%emt 0:00:02] [#]} 13. Na4 $146 {[%emt 0:00:14][%cal Oa4c5] Hoping for Nc5!} ({Predecessor:} 13. Nh4 Qe7 14. a4 a5 15. Qd6 Bf6 16. Nf3 Qxd6 17. Rxd6 Be7 18. Rd3 Bb4 19. Rfd1 {0-1 (46) Trumpf,W (2155)-Vismara,D (2155) Asti 1996}) 13... Qc7 14. Qd6 ({Better is} 14. Bh3 $11) 14... Qa5 15. b3 Re8 $1 16. Nd2 {[%emt 0:01:52] [#]} (16. Bh3 $15 Bf8 17. Qd2 Qxd2 18. Rxd2) 16... Bf8 $1 $17 17. Qd3 b5 {[%emt 0:01:34] Against Nc4} 18. Nc3 Nc5 {[%emt 0:00:09] Prevents a4.} 19. Qf3 (19. Qe3 $17 {keeps fighting.}) 19... Bg4 20. Qxg4 {[%emt 0:00:07] Strongly threatening Qf3.} Qxc3 21. f4 (21. Nb1 $17 {might work better.} Qb2 22. f4) 21... Qxc2 $19 {[%emt 0:03:27] White must now prevent ...Rad8.} 22. f5 {[%emt 0:00:10] [#]} g5 $36 {[%emt 0:00:01][%mdl 2048] Black has strong initiative.} (22... Qxa2 23. fxg6 f6 24. Qf3 $14 (24. Rxf6 Rad8 $11)) 23. f6 $2 (23. b4 {was worth a try.} Red8 24. Nb1) 23... Rad8 (23... Qxa2 24. Rf5 Ne6 25. Nf3 $17) 24. Nf3 (24. b4) 24... Rxd1 25. Nxg5 Rxf1+ 26. Bxf1 Nd3 ({Not} 26... hxg5 27. Qxg5+ Kh7 28. Qf5+ Kh8 29. Qh5+ Kg8 30. Qg5+ Kh7 31. Qf5+ Kh8 32. Qh5+ Kg8 33. Qg5+ $11) 27. Nxf7+ Kxf7 28. Qd7+ Kxf6 {[%emt 0:00:15] ( -> ...Qf2+)} 29. Bxd3 Qc5+ 30. Kg2 Qe7 31. Qxc6+ Qe6 32. Qxb5 Rd8 33. Bc4 Qb6 34. Qa4 Rd2+ ({Weaker is} 34... Rd1 35. Qe8 Rd2+ 36. Kh3 $16) 35. Kh3 Qf2 {[%emt 0:00:07][%csl LRa2,LRh2] Weighted Error Value: White=1.00/Black=0.24 (precise)} 0-1

[Event "Hungarian Rapid-ch 2022"]
[Site "Ajka"]
[Date "2022.07.17"]
[Round "13.24"]
[White "Molnar, Aurel Jr."]
[Black "Margl, Roland"]
[Result "1/2-1/2"]
[ECO "B33"]
[WhiteElo "2014"]
[BlackElo "2312"]
[Annotator "ChessBase"]
[PlyCount "94"]
[EventDate "2022.07.15"]
[EventType "swiss"]
[EventCountry "HUN"]
[SourceTitle "playchess.com"]
[Source "ChessBase"]
[SourceQuality "1"]
[TimeControl "900+10"]

1. e4 c5 2. Nf3 Nc6 3. d4 cxd4 4. Nxd4 Nf6 5. Nc3 e5 6. Ndb5 d6 7. Bg5 a6 8. Na3 b5 9. Nd5 Be7 10. Bxf6 Bxf6 11. c4 b4 12. Nc2 O-O 13. g3 a5 14. Bg2 g6 15. O-O Bg7 16. b3 Be6 17. Qd3 Qb8 18. Rad1 Rd8 19. f4 exf4 20. gxf4 f5 21. Kh1 Ra7 22. Nce3 Nd4 23. exf5 Bxf5 24. Nxf5 Nxf5 25. Rfe1 Re8 26. Re4 Rxe4 27. Qxe4 a4 28. Bh3 axb3 29. axb3 Ra3 30. Bxf5 gxf5 31. Qxf5 Rxb3 32. Rg1 Qb7 33. Qe4 Qf7 34. f5 Kh8 35. f6 Bf8 36. Qf5 Rb2 37. Qc8 Rc2 38. Ne7 Rxc4 39. Qd7 Rc1 40. Rxc1 Qxf6 41. Qf5 Bxe7 42. Rc8+ Kg7 43. Qg4+ Qg5 44. Qd4+ Qe5 45. Qg4+ Qg5 46. Qd4+ Qe5 47. Qg4+ Qg5 1/2-1/2

[Event "Hungarian Rapid-ch 2022"]
[Site "Ajka"]
[Date "2022.07.17"]
[Round "13.25"]
[White "Miszler, Levente"]
[Black "Boguszlavszkij, Jevgenyij"]
[Result "1-0"]
[ECO "E01"]
[WhiteElo "2243"]
[BlackElo "1914"]
[Annotator "ChessBase"]
[PlyCount "95"]
[EventDate "2022.07.15"]
[EventType "swiss"]
[EventCountry "HUN"]
[SourceTitle "playchess.com"]
[Source "ChessBase"]
[SourceQuality "1"]
[TimeControl "900+10"]

1. d4 Nf6 2. c4 e6 3. g3 d5 4. Bg2 c6 5. Nf3 Ne4 6. O-O Nd7 7. Qc2 Bd6 8. Nfd2 f5 9. Nxe4 fxe4 10. f3 exf3 11. Bxf3 O-O 12. e4 dxe4 13. Qxe4 Nf6 14. Qe2 Qc7 15. Nc3 e5 16. d5 Bh3 17. Re1 Rae8 18. Bg5 e4 19. Bg2 Bxg2 20. Kxg2 Bc5 21. Rf1 Qe5 22. Bf4 Qe7 23. Rae1 Qd7 24. Bg5 Bd4 25. Bxf6 Bxf6 26. dxc6 bxc6 27. Nxe4 Kh8 28. Qf3 Be7 29. Qh5 Rxf1 30. Rxf1 Rd8 31. Qf5 Qxf5 32. Rxf5 Kg8 33. b3 Rd4 34. Kf3 g6 35. Ra5 Rd7 36. Ra6 Rc7 37. Kf4 h6 38. Ke5 Kf7 39. Nd6+ Kf8 40. c5 Bg5 41. Nc4 Ke7 42. Ke4 Ke8 43. Ne5 Be7 44. b4 Bf6 45. Nxc6 Bc3 46. b5 Rd7 47. Rxa7 Rd1 48. b6 1-0

[Event "Hungarian Rapid-ch 2022"]
[Site "Ajka"]
[Date "2022.07.17"]
[Round "13.26"]
[White "Horvath, Kristof"]
[Black "Csati, Oliver"]
[Result "1-0"]
[ECO "B22"]
[WhiteElo "2053"]
[BlackElo "2218"]
[Annotator "ChessBase"]
[PlyCount "82"]
[EventDate "2022.07.15"]
[EventType "swiss"]
[EventCountry "HUN"]
[SourceTitle "playchess.com"]
[Source "ChessBase"]
[SourceQuality "1"]
[TimeControl "900+10"]

1. e4 c5 2. c3 Nf6 3. e5 Nd5 4. d4 cxd4 5. Qxd4 e6 6. Nf3 Nc6 7. Qe4 d6 8. Bc4 dxe5 9. Nxe5 Nxe5 10. Qxe5 a6 11. O-O Qf6 12. Qe4 Nb6 13. Bd3 Nd7 14. b4 a5 15. Na3 Bxb4 16. cxb4 Qxa1 17. Nb5 Qe5 18. Qh4 Qb8 19. Bf4 e5 20. Rc1 f6 21. Rxc8+ Qxc8 22. Nd6+ Ke7 23. Nxc8+ Rhxc8 24. Be3 h6 25. Qg4 g5 26. Bc4 Rc6 27. Bb5 Rd6 28. Bxd7 Rxd7 29. Bc5+ Kd8 30. h3 axb4 31. Qe6 Ra6 32. Bb6+ Rxb6 33. Qxb6+ Ke7 34. Qxb4+ Kf7 35. Kf1 Kg7 36. Ke2 Kg6 37. g4 Kg7 38. a4 Kf7 39. Qe4 Kg7 40. Qf5 Rd4 41. Qc8 Rd6 1-0

[Event "Hungarian Rapid-ch 2022"]
[Site "Ajka"]
[Date "2022.07.17"]
[Round "13.27"]
[White "Gelle, Istvan"]
[Black "Lazarne Vajda, Szidonia"]
[Result "1/2-1/2"]
[ECO "D00"]
[WhiteElo "2218"]
[BlackElo "2313"]
[Annotator "ChessBase"]
[PlyCount "163"]
[EventDate "2022.07.15"]
[EventType "swiss"]
[EventCountry "HUN"]
[SourceTitle "playchess.com"]
[Source "ChessBase"]
[SourceQuality "1"]
[TimeControl "900+10"]

1. d4 d5 2. Bf4 Nf6 3. e3 e6 4. Nf3 c5 5. c3 Bd6 6. Bg3 Qc7 7. Bxd6 Qxd6 8. Ne5 O-O 9. Bd3 Nc6 10. f4 Ne4 11. Bxe4 dxe4 12. Nd2 f5 13. Ndc4 Qd5 14. dxc5 Qxc5 15. b4 Qe7 16. Qd6 Qxd6 17. Nxd6 Nxe5 18. fxe5 b6 19. g3 Bd7 20. a4 a6 21. a5 b5 22. Nb7 Bc6 23. Nc5 Bd5 24. Rd1 Rfd8 25. Rd4 Kf7 26. Kf2 Ke7 27. Rhd1 Rdc8 28. Rg1 Rxc5 29. bxc5 Rc8 30. Ke2 Rxc5 31. Kd2 h5 32. h3 Bb7 33. g4 fxg4 34. hxg4 h4 35. g5 Rxe5 36. Rh1 Rxg5 37. Rxh4 Rg2+ 38. Kc1 Bd5 39. Rd2 Rg3 40. Re2 Kd6 41. Rhh2 Kc5 42. Rhg2 Rxg2 43. Rxg2 b4 44. cxb4+ Kxb4 45. Rxg7 Kxa5 46. Rc7 Kb6 47. Rc8 a5 48. Kb2 Kb7 49. Rc3 Kb6 50. Ka3 Kb5 51. Rc8 Kb6 52. Rb8+ Kc7 53. Rb5 a4 54. Rb4 Bb3 55. Rd4 Kc6 56. Kb4 Kc7 57. Rxe4 Kd6 58. Rd4+ Ke5 59. Kc3 Kf5 60. Rb4 Ke5 61. Kd3 Kf5 62. Rb5+ e5 63. Rb4 Bd1 64. Kd2 Bb3 65. Ke2 Bc2 66. Rc4 Bb3 67. Rb4 Bc2 68. Kd2 Bb3 69. Kd3 Bd1 70. Rb1 Bb3 71. Rf1+ Ke6 72. e4 Kd6 73. Kc3 Be6 74. Kb4 Bb3 75. Rf6+ Ke7 76. Ra6 Bc2 77. Ra5 Kf6 78. Ra6+ Kg5 79. Kc3 Bxe4 80. Rxa4 Kf5 81. Kd2 Bd5 82. Ke3 1/2-1/2

[Event "Hungarian Rapid-ch 2022"]
[Site "Ajka"]
[Date "2022.07.17"]
[Round "13.28"]
[White "Papp, Bence"]
[Black "Nemeth, Zoltan"]
[Result "0-1"]
[ECO "D00"]
[WhiteElo "2244"]
[BlackElo "2242"]
[Annotator "ChessBase"]
[PlyCount "68"]
[EventDate "2022.07.15"]
[EventType "swiss"]
[EventCountry "HUN"]
[SourceTitle "playchess.com"]
[Source "ChessBase"]
[SourceQuality "1"]
[TimeControl "900+10"]

1. d4 d5 2. Bf4 c5 3. e3 Qb6 4. c4 cxd4 5. Qxd4 Qxd4 6. exd4 dxc4 7. Bxc4 Nf6 8. Nf3 Nc6 9. Nc3 a6 10. Ne5 e6 11. Nxc6 bxc6 12. O-O Be7 13. Rac1 O-O 14. Na4 Nd7 15. Be2 Bb7 16. Bf3 Rac8 17. Rc2 Bf6 18. Be3 e5 19. Rd1 exd4 20. Bxd4 Ne5 21. Be2 Rcd8 22. Rcd2 Rfe8 23. Kf1 a5 24. Bb6 Ra8 25. Nc5 Bc8 26. f4 Ng4 27. Nd7 Bxd7 28. Rxd7 Nxh2+ 29. Kf2 Rab8 30. Bxa5 Rxb2 31. R1d2 g6 32. Bc4 Ng4+ 33. Kf3 Re3+ 34. Kxg4 h5# 0-1

[Event "Hungarian Rapid-ch 2022"]
[Site "Ajka"]
[Date "2022.07.17"]
[Round "13.29"]
[White "Balint, Vilmos"]
[Black "Juhasz, Zoltan"]
[Result "0-1"]
[ECO "C00"]
[WhiteElo "2283"]
[BlackElo "1985"]
[Annotator "ChessBase"]
[PlyCount "78"]
[EventDate "2022.07.15"]
[EventType "swiss"]
[EventCountry "HUN"]
[SourceTitle "playchess.com"]
[Source "ChessBase"]
[SourceQuality "1"]
[TimeControl "900+10"]

1. e4 e6 2. Qe2 Be7 3. f4 d5 4. d3 Nf6 5. Nc3 c5 6. Nf3 Nc6 7. Ne5 Nd4 8. Qd1 b6 9. Be2 Bb7 10. Bf3 O-O 11. O-O Nxf3+ 12. gxf3 d4 13. Ne2 Nd7 14. Ng3 Bh4 15. Bd2 f5 16. Qe2 Nxe5 17. fxe5 f4 18. Nh1 Qg5+ 19. Qg2 Qxe5 20. Nf2 h5 21. Qh3 Qf6 22. Kh1 e5 23. b3 Bc8 24. Qg2 Qe6 25. Rg1 Rf7 26. Nd1 a5 27. Nb2 Raa7 28. a4 Kh7 29. Nc4 Ba6 30. Nb2 Rf6 31. Qe2 g5 32. Rg2 Rg7 33. Rag1 Rfg6 34. Be1 Bxe1 35. Qxe1 Qh3 36. Qf1 g4 37. Nd1 g3 38. Re2 Qxf1 39. Rxf1 g2+ 0-1

[Event "Hungarian Rapid-ch 2022"]
[Site "Ajka"]
[Date "2022.07.17"]
[Round "13.30"]
[White "Farago, Sandor"]
[Black "Reviczki, Roland"]
[Result "1-0"]
[ECO "B30"]
[WhiteElo "2141"]
[BlackElo "2160"]
[Annotator "TA"]
[PlyCount "95"]
[EventDate "2022.07.15"]
[EventType "swiss"]
[EventCountry "HUN"]
[SourceTitle "playchess.com"]
[Source "ChessBase"]
[SourceQuality "1"]
[TimeControl "900+10"]

1. e4 c5 2. Nf3 Nc6 3. g3 d5 4. Nc3 dxe4 5. Nxe4 e5 {[%emt 0:00:02] [#]} 6. d3 $146 {[%emt 0:00:11] B30: Sicilian: 2...Nc6 3 Bb5, lines without ...g6.} ({Predecessor:} 6. Bb5 Bd7 7. Bf1 f5 8. Nc3 Nf6 9. d3 Bd6 10. Bg2 O-O 11. O-O a6 12. Bg5 {0-1 (33) Pham,T-Dang,B (2158) Vung Tau 2004}) 6... Be7 7. Bg2 f5 8. Nc3 {[%emt 0:00:10] The position is equal.} Bf6 9. O-O Nge7 10. Bg5 O-O (10... Bxg5 {looks sharper.} 11. Nxg5 O-O 12. Re1 f4) 11. Bxf6 gxf6 12. Nd2 Be6 13. Re1 ({White should try} 13. f4 $11) 13... Qd7 $15 14. Rc1 Ng6 15. Nc4 f4 16. Ne4 b6 17. a3 {[%emt 0:01:37] [#]} (17. a4 $1 $15 {feels stronger.}) 17... Rad8 $1 $17 18. Ned6 Nce7 (18... Kh8 $17) 19. Ne4 $1 $15 Nd5 20. Qe2 Kh8 21. Rcd1 Rg8 {[%emt 0:01:16] [#]} (21... Qg7 $17) 22. Kh1 (22. Nxf6 $1 $11 Nxf6 23. Nxe5) 22... Qg7 {[%emt 0:00:25][%cal Og6h4] Hoping for ...Nh4!} (22... fxg3 {is more complex.} 23. fxg3 Ngf4 24. Qf1 Nxg2 25. Qxg2 Nf4) 23. Bf3 fxg3 24. fxg3 Rgf8 25. Ne3 Nxe3 26. Qxe3 Bc8 27. Nc3 Ne7 28. Be4 Nf5 29. Qf2 (29. Bxf5 $15 Bxf5 30. Rd2) 29... Nd4 $17 30. Bg2 f5 31. Rd2 Rde8 (31... f4 $17) 32. Nd5 $11 Bb7 33. c3 $1 Ne6 34. Rde2 e4 35. Nf4 Ba6 36. c4 Nd4 37. Re3 Qf7 38. dxe4 fxe4 39. Rxe4 Bxc4 40. h3 Rxe4 41. Rxe4 Bd5 42. Re5 Bxg2+ 43. Qxg2 Qf6 (43... Nf5 $1 $15) 44. Qe4 Nb5 $2 (44... Nf5 $11 45. Kh2 Nh4) 45. Rh5 $18 Qg7 (45... Qf7 $142 46. Ng6+ Kg7 47. Qe5+ (47. Nxf8 Qxh5 48. Ne6+ Kf6 $11) 47... Qf6) 46. Ng6+ Kg8 47. Nxf8 {[%emt 0:00:13] White wants to mate with Qd5+.} Kxf8 48. Rf5+ {[%emt 0:00:13] Weighted Error Value: White=0.16 (very precise) /Black=0.46} 1-0